 Dungeon Crawl Stone Soup version 0.28-a0-773-g130ae17fe5 (webtiles) character file.

Game seed: 8569582606008976473

3886 ders the Fighter (level 10, -2/105 HPs)
             Began as a Gargoyle Fighter on Nov 2, 2021.
             Was an Initiate of Yredelemnul.
             Slain by a vampire mosquito (7 damage)
             ... on level 8 of the Dungeon.
             The game lasted 00:18:09 (8905 turns).

ders the Fighter (Gargoyle Fighter)                 Turns: 8905, Time: 00:18:09

Health: -2/105     AC: 25    Str: 24    XL:     10   Next: 19%
Magic:  10/10      EV:  2    Int:  8    God:    Yredelemnul [......]
Gold:   440        SH:  4    Dex:  9    Spells: 9/9 levels left

rFire   + . .      SeeInvis .   a - +0 flail (spect)
rCold   + . .      Faith    .   c - +0 buckler
rNeg    + . .      Spirit   .   (armour currently unavailable)
rPois   ∞          Reflect  .   (helmet currently unavailable)
rElec   +          Harm     .   (cloak currently unavailable)
rCorr   +          Rampage  .   (gloves currently unavailable)
Will    .....      NoTele   +   (boots currently unavailable)
Stlth   +.........              (no amulet)
HPRegen 0.27/turn               p - ring of wizardry
MPRegen 0.12/turn               (no ring)

@: tree-form, resistant
A: stationary, stasis, torment immunity, boosted hp, sickness immunity, AC +7,
negative energy resistance 1, (electricity resistance), torment resistance 1,
petrification resistance
a: Renounce Religion


You were on level 8 of the Dungeon.
You worshipped Yredelemnul.
Yredelemnul was noncommittal.
You were a tree.
You visited 2 branches of the dungeon, and saw 10 of its levels.

You collected 440 gold pieces.

Inventory:

Hand Weapons
 a - a +0 spectral flail (weapon)
 i - the +4 war axe of Meoblurai {vorpal, rElec rN+ Dex+4}
   (You found it on level 5 of the Dungeon)

   It inflicts extra damage upon your enemies.
   Dex:       It affects your dexterity (+4).
   rElec:     It insulates you from electricity.
   rN:        It protects you from negative energy.
Armour
 b - a +0 scale mail
 c - a +0 buckler (worn)
 k - a +0 helmet (melded)
 r - a +1 pair of boots (melded)
 t - +0 fire dragon scales (melded)
Jewellery
 p - a ring of wizardry (left branch)
Wands
 g - a wand of acid (6)
 j - a wand of iceblast (14)
 l - a wand of flame (18)
Scrolls
 d - a scroll of silence
 e - 3 scrolls of identify
 f - a scroll of enchant armour {unknown}
 h - 2 scrolls of teleportation
 s - a scroll of immolation {unknown}
 u - a scroll of vulnerability {unknown}
Potions
 m - 2 potions of flight
 v - a potion of lignification


   Skills:
 * Level 11.4 Fighting
 * Level 10.2 Maces & Flails
 - Level 3.9 Armour
 - Level 3.9 Shields


You had 9 spell levels left.
You didn't know any spells.
Your spell library contained the following spells:

 Spells                   Type           Power      Damage    Failure   Level
 Summon Small Mammal      Summ           0%         N/A       17%         1
 Static Discharge         Conj/Air       0%         N/A       26%         2
 Call Canine Familiar     Summ           0%         N/A       45%         3
 Summon Guardian Golem    Hex/Summ       0%         N/A       45%         3
 Dispel Undead            Necr           0%         3d6       83%         4
 Petrify                  Tmut/Erth      0%         N/A       83%         4
 Sticky Flame             Conj/Fire      0%         2d3       83%         4
 Irradiate                Conj/Tmut      0%         3d13      99%         5
 Sublimation of Blood     Necr           Unusable   N/A       N/A         2

Dungeon Overview and Level Annotations

Branches:
Dungeon (9/15)             Temple (1/1) D:5
   Lair: D:8-11         Orc: D:9-12

Altars:
Ashenzari
Dithmenos
Elyvilon
Fedhas
Gozag
Hepliaklqana
Kikubaaqudgha
Makhleb
Nemelex Xobeh
Okawaru
Qazlal
Ru
Trog
Uskayaw
Vehumet
Wu Jian
Xom
Yredelemnul
Zin
The Shining One

Shops:
D:6 [

Annotations:
D:7 2 transporters, jasper's ghost, novice DsCA


Innate Abilities, Weirdness & Mutations

You are a tree.
Your roots penetrate the ground, keeping you stationary.
You cannot be teleported.
You are immune to unholy pain and torment.
Your maximum health is greatly increased.
Your equipment is partially melded.
You are immune to sickness and miasma.
((Your stone body is resilient. (AC +7)))
You are immune to poison.
You resist negative energy. (rN+)
((You are resistant to electric shocks. (rElec)))
You are resistant to unholy torment.
You are immune to petrification.


Message History

The yak barely misses you. x2
It was a potion of curing.
You feel better.
The vampire mosquito bites you but does no damage. x2
The yak closely misses you. The yak gores you. The yak gores you!
The yak completely misses you.
It was a potion of lignification.
You turn into a tree.
Your +0 helmet melds into your body.
Your +1 pair of boots melds into your body.
Your +0 fire dragon scales melds into your body.
Your roots penetrate the ground.
The vampire mosquito bites you but does no damage.
The vampire mosquito bites you.
The yak gores you but does no damage. x2
The yak gores you.
* * * LOW HITPOINT WARNING * * *
The yak gores you!
* * * LOW HITPOINT WARNING * * *
You feel better.
You block the vampire mosquito's attack.
The yak gores you but does no damage. x2; The vampire mosquito bites you.
* * * LOW HITPOINT WARNING * * *
The yak gores you but does no damage. The yak gores you!
* * * LOW HITPOINT WARNING * * *
It was a potion of resistance.
You feel protected.
The vampire mosquito bites you but does no damage.
The yak gores you but does no damage. The yak completely misses you.
The yak gores you but does no damage. The vampire mosquito bites you!
* * * LOW HITPOINT WARNING * * *
The yak gores you but does no damage.
As you read the scroll of fear, it crumbles to dust.
You assume a fearsome visage.
The yak looks frightened! x2
The vampire mosquito is unaffected.
The yak looks frightened! x2
The vampire mosquito bites you.
* * * LOW HITPOINT WARNING * * *
The vampire mosquito bites you but does no damage.
You hit the vampire mosquito but do no damage.
Your +0 spectral flail hits the vampire mosquito!
The vampire mosquito bites you!
You die...
Your body rises from the dead as a mindless zombie.

## ##.## #.....# #.# #.# #.....#
#.# #.# #.....# ##.# ##'##
#.....# #... ##...## ##.#### ##.#
##?....## #.### #.# # ##.......##
#Y#.## #..
####.........###(...###########..
...'.........'.y♣.Y..............
.###.<.......###....########.....
.# ##...?...## #Y#Y### #.##.. .#
##.....## #.....# #.##.# .#
##...## #####.# #.##.# .# ##'##
#.# #.##.# .# #.# #.# #.##.# .#
#.# #.# #..... #### ##†## #.#
###...


You could see 4 yaks, a vampire mosquito and a friendly +0 spectral flail
(summoned).

Vanquished Creatures
  Maggie (D:6)
  Prince Ribbit (D:5)
  4 yaks (D:8)
  Eustachio (D:5)
  3 vampire mosquitoes
  An acid dragon (D:5)
  A water moccasin (D:5)
  2 sky beasts (D:6)
  2 ice beasts
  2 necrophages
  2 orc warriors (D:6)
  An ogre (D:5)
  5 bullfrogs (D:8)
  3 scorpions
  A wyvern zombie (D:8)
  A howler monkey (D:4)
  A centaur zombie (D:6)
  3 jellies
  Crazy Yiuf (D:6)
  An orc priest (D:8)
  A centaur skeleton (D:6)
  2 hounds (D:5)
  A bullfrog skeleton (D:5)
  Jessica (D:3)
  Ijyb (D:5)
  An iguana (D:6)
  5 orc wizards
  A mummy (D:5)
  A howler monkey zombie (D:7)
  11 adders
  5 gnolls
  A howler monkey skeleton (D:7)
  A shadow imp (D:6)
  A white imp (D:6)
  An ufetubus (D:4)
  An adder skeleton (D:4)
  A worm (D:2)
  2 dart slugs
  14 orcs
  6 bats
  3 endoplasms
  5 giant cockroaches
  8 hobgoblins
  12 jackals
  7 kobolds
  9 quokkas
  5 ball pythons
  A frilled lizard (D:2)
  5 goblins
  A hobgoblin zombie (D:5)
  A kobold zombie (D:5)
  3 rats (D:2)
155 creatures vanquished.

Notes
Turn   | Place    | Note
-------+----------+-------------------------------------------
     0 | D:1      | ders the Gargoyle Fighter began the quest for the Orb.
     0 | D:1      | Reached XP level 1. HP: 14/14 MP: 1/1
   113 | D:1      | Reached XP level 2. HP: 19/19 MP: 2/2
  1024 | D:2      | Found a faded altar of an unknown god.
  1040 | D:2      | Reached XP level 3. HP: 21/23 MP: 3/3
  1887 | D:2      | Reached XP level 4. HP: 18/29 MP: 4/4
  2048 | D:2      | Reached skill level 4 in Fighting
  2673 | D:3      | Noticed Jessica
  2697 | D:3      | Reached XP level 5. HP: 10/34 MP: 5/5
  2712 | D:3      | HP: 1/34 [Jessica (5)]
  3600 | D:3      | Killed Jessica
  3685 | D:3      | You fall into a shaft and drop 3 floors!
  3688 | D:6      | Found a runed translucent door.
  3689 | D:6      | Noticed Crazy Yiuf
  3744 | D:6      | Found Unucuxt's Armour Emporium.
  3917 | D:6      | Noticed a sky beast
  3938 | D:6      | Noticed an orc warrior
  3946 | D:6      | Killed an orc warrior
  3947 | D:6      | Reached skill level 5 in Fighting
  3947 | D:6      | Reached XP level 6. HP: 29/40 MP: 6/6
  4058 | D:5      | Entered Level 5 of the Dungeon
  4074 | D:5      | Noticed a water moccasin
  4174 | D:5      | Noticed an acid dragon
  4177 | D:5      | Killed an acid dragon
  4178 | D:5      | Reached skill level 6 in Fighting
  4178 | D:5      | Reached skill level 5 in Maces & Flails
  4178 | D:5      | Reached XP level 7. HP: 43/46 MP: 7/7
  4190 | D:5      | Noticed Ijyb
  4203 | D:4      | Found a shadowy altar of Dithmenos.
  5033 | D:5      | Found a staircase to the Ecumenical Temple.
  5041 | Temple   | Entered the Ecumenical Temple
  5299 | D:5      | Reached skill level 7 in Fighting
  5326 | D:5      | Killed Ijyb
  5327 | D:5      | Reached XP level 8. HP: 49/53 MP: 8/8
  5386 | D:5      | Noticed Eustachio
  5393 | D:5      | Killed Eustachio
  5510 | D:5      | Reached skill level 8 in Fighting
  5619 | D:5      | Noticed Prince Ribbit
  5625 | D:5      | Killed Prince Ribbit
  5687 | D:5      | Identified the +4 war axe of Meoblurai {vorpal, rElec rN+
                  | Dex+4}
  5881 | D:5      | Found an opulent altar of Gozag.
  6146 | D:6      | Noticed Maggie
  6152 | D:6      | Killed Maggie
  6153 | D:6      | Reached skill level 9 in Fighting
  6153 | D:6      | Reached XP level 9. HP: 54/60 MP: 9/9
  6567 | D:6      | Killed Crazy Yiuf
  6768 | D:7      | Found a glowing golden altar of the Shining One.
  6874 | D:7      | Found a basalt altar of Yredelemnul.
  6878 | D:7      | Found a sparkling altar of Nemelex Xobeh.
  6882 | D:7      | Became a worshipper of Yredelemnul the Dark
  6915 | D:7      | Identified the +4 dire flail "Fophoalu" {vorpal, +Blink
                  | Str+7 Dex+3 Stlth+}
  6915 | D:7      | Noticed jasper's ghost (novice DsCA)
  6920 | D:7      | Found a transporter.
  6926 | D:7      | Found a transporter.
  7531 | D:8      | Reached skill level 10 in Fighting
  8018 | D:8      | Reached XP level 10. HP: 64/68 MP: 10/10
  8148 | D:8      | Reached skill level 11 in Fighting
  8436 | D:8      | Reached skill level 10 in Maces & Flails
  8904 | D:8      | HP: 4/105 [vampire mosquito (4)]
  8905 | D:8      | Slain by a vampire mosquito

Illustrated notes

Levels and vault maps discovered:
D:1:      dpeg_arrival_shrine, layout_basic
D:2:      minmay_diamond_boxcup, layout_loops_corners,
          chequers_ecumenical_altar_twisty, chequers_serial_rivers_small_b
D:3:      layout_loops_corners, uniq_jessica
D:4:      minmay_chambers_of_fours, layout_basic,
          mainiacjoe_overflow_concentric_impassable
D:5:      layout_rooms, mainiacjoe_overflow_alcove_1,
          minmay_temple_entry_arrows, nicolae_ossuary_entry_giza, uniq_ijyb,
          uniq_eustachio, uniq_prince_ribbit1
D:6:      layout_gridville, serial_shops, shop, minmay_misc_feat_rugged,
          uniq_maggie, uniq_crazy_yiuf_cottage
D:7:      layout_basic, grunt_temple_overflow_open, old_standard_altar,
          gammafunk_ghost_smash
D:8:      layout_loops_corners
D:9:      layout_long_grid, kennysheep_slug_shrine
Temple:   regret_index_temple_generic_petals

Skill      XL: |  1  2  3  4  5  6  7  8  9 10 |
---------------+-------------------------------+-----
Fighting       | 4 5 6 7 9 10 11 | 11.4
Maces & Flails | 3 4 5 6 8 9 10 | 10.2
Armour         | |  3.9
Shields        | |  3.9

Action                   |  1- 3 |  4- 6 |  7- 9 | 10-12 || total
-------------------------+-------+-------+-------+-------++-------
Melee: Flail             |   131 |   111 |   215 |    40 ||   497
Evoke: Wand              |       |     3 |     1 |       ||     4
  Use: Potion            |       |     2 |       |     4 ||     6
       Scroll            |       |    10 |       |     1 ||    11
 Stab: Distracted        |       |       |     5 |       ||     5
Armor: Scale mail        |    88 |    68 |    75 |       ||   231
       Skin              |       |       |     5 |    11 ||    16
       Fire dragon scale |       |       |    32 |    54 ||    86
Dodge: Dodged            |    61 |    56 |    83 |    39 ||   239
Block: Buckler           |    33 |    28 |    41 |    21 ||   123

Table legend: (Time is in decaauts)
 A = Elapsed time spent in this place.
 B = Non-inter-level travel time spent in this place.
 C = Inter-level travel time spent in this place.
 D = Time resting spent in this place.
 E = Time spent auto-exploring this place.
 F = Levels seen in this place.
 G = Mean time per level.
                   A        B        C        D        E       F      G
               +--------+--------+--------+--------+--------+-----+--------+
         Total |   8985 |   8469 |    516 |   1680 |   5285 |  10 |  898.5 |
       Dungeon |   8758 |   8285 |    473 |   1680 |   5109 |   9 |  973.1 |
        Temple |    227 |    184 |     43 |      0 |    176 |   1 |  227.0 |
               +--------+--------+--------+--------+--------+-----+--------+

Top non-repeatable levels by time:
     D:2: 2102 daAuts
     D:8: 1336 daAuts
     D:6: 1090 daAuts
     D:1: 929 daAuts
     D:7: 897 daAuts
     D:4: 836 daAuts
     D:5: 799 daAuts
     D:3: 719 daAuts
  Temple: 227 daAuts
     D:9: 47 daAuts
